[Event "Israel National League 2024"]
[Site "Israel"]
[Date "2024.01.19"]
[Round "3.25"]
[White "Parkhov, Yair"]
[Black "Van Foreest, Lucas"]
[Result "1-0"]
[ECO "D35"]
[WhiteElo "2495"]
[BlackElo "2529"]
[Annotator "TA"]
[PlyCount "129"]
[EventDate "2024.01.07"]
[EventType "team-tourn"]
[EventCountry "ISR"]
[SourceTitle "playchess.com"]
[Source "ChessBase"]
[SourceQuality "1"]
[TimeControl "40/5400+30:1800+30"]

1. d4 d5 2. c4 e6 3. Nc3 Nf6 4. cxd5 exd5 5. Bg5 c6 6. e3 Bf5 7. Qf3 Bg6 8. Bxf6 Qxf6 9. Qxf6 gxf6 10. h4 h5 {[%emt 0:00:08] D35: Queen's Gambit Declined: Exchange Variation.} 11. Kd2 Nd7 12. Bd3 a5 {[%emt 0:00:59] The position is equal.} 13. Nge2 Bd6 {[%emt 0:01:41] [#]} 14. Rh3 $146 ({Predecessor:} 14. Nf4 Bxf4 15. exf4 Bxd3 16. Kxd3 Nb6 17. Ne2 Nc4 18. Rab1 Kd7 19. Ng3 Rag8 20. Rhe1 {0-1 Tang,A (2539)-Sarana,A (2668) Titled Tuesday intern op 08th Nov Early blitz 2022 (9)}) 14... Rg8 15. Rf3 Bxd3 16. Kxd3 Rxg2 17. Rh1 b5 (17... Kf8 $11) 18. Nf4 $14 Bxf4 19. Rxf4 Ke7 20. Ne2 {[%emt 0:06:17][%mdl 1024] White has compensation.} Rag8 21. Rf3 R2g4 22. Ng3 Rh8 (22... c5 $14) 23. Rf5 $16 Rgg8 24. Ke2 (24. Nxh5 Ke6 25. e4 dxe4+ 26. Kxe4 a4 $14) 24... Ke6 {[%emt 0:00:55][%cal Og8g3] ...Rxg3! is the strong threat.} 25. Rxh5 c5 26. dxc5 {[%emt 0:04:27] White is more active.} (26. Rxh8 {simplifies} Rxh8 27. dxc5 Nxc5 28. h5) 26... Nxc5 27. Rc1 Ne4 28. Rxh8 Rxh8 29. Nxe4 dxe4 {[%emt 0:00:04][%mdl 4096] Endgame KR-KR} 30. Rc5 Rb8 31. a3 a4 32. h5 Kd6 $1 33. Rc1 Rh8 34. Rh1 Kc5 35. Kd2 (35. Rh4 $5 ) 35... b4 (35... Kc4 $1 $11 {keeps the balance.} 36. h6 Kb3) 36. h6 Kc4 37. Kc2 Rh7 38. Rh2 ({Better is} 38. axb4 $18 {[%cal Ob4b5] Hoping for b5!} Kxb4 39. Rh4) 38... f5 39. Rh4 f6 $2 {[%emt 0:00:56] [#] This costs Black the game.} (39... Rh8 $16 {might work better.} 40. axb4 Kxb4) 40. Rh5 $1 $18 Rh8 $2 (40... b3+ 41. Kd2 Rd7+ 42. Ke2 Rh7 43. Rxf5 Rxh6) 41. h7 (41. Rxf5 Rxh6 42. axb4 Kxb4 $11) 41... f4 (41... bxa3 $142 42. bxa3 f4 43. exf4 Kd4) 42. exf4 f5 43. Rh3 ({And not} 43. Rxf5 Rxh7 44. Re5 Kd4 $11) 43... Kb5 44. Rh6 Kc5 45. axb4+ Kxb4 46. Rb6+ Kc5 {[%emt 0:01:45] [#]} 47. Rb7 $1 Kc4 48. Kd2 Kd4 49. Ke2 Kd5 50. Ke3 {[%emt 0:00:00] And now f3 would win.} Kc5 51. f3 Kc6 52. Rg7 exf3 53. Kxf3 (53. Ra7 $142 Kc5 54. Kxf3 (54. Rxa4 Rxh7 55. Ra5+ Kd6 $16)) 53... Kd5 54. Ke3 Ke6 55. Kd4 Kf6 56. Rd7 (56. Ra7 $142 Kg6 57. Kc4 (57. Rxa4 Rxh7 58. Rc4 Rh8 $18) 57... Kh5 58. Kd5 (58. Rxa4 Rxh7 59. Kd5 Rb7 $11) 58... Kh6 59. Kc6 Kh5 60. Rxa4 Kg4 61. Ra7 Kxf4 62. b4) 56... Kg6 57. Kd5 Rb8 58. Kc6 Rh8 59. Kb5 Kh5 60. Rg7 Kh6 61. Rg2 (61. Ra7 $18 Kh5 62. Kxa4 (62. Rxa4 Rxh7 63. Kc6 Kg4 $16)) 61... Rb8+ 62. Kxa4 {[%emt 0:00:05] Rg8 would kill now.} Ra8+ 63. Kb5 {[%emt 0:00:32] White threatens Rg8 and mate.} Rb8+ 64. Kc5 Rc8+ 65. Kd5 {[%emt 0:00:15] Weighted Error Value: White=0.08 (flawless) /Black=0.61} 1-0

[Event "Israel National League 2024"]
[Site "Israel"]
[Date "2024.01.19"]
[Round "3.26"]
[White "Sokolovsky, Yahli"]
[Black "Bitensky, Igor"]
[Result "1-0"]
[ECO "C88"]
[WhiteElo "2436"]
[BlackElo "2384"]
[Annotator "RC"]
[PlyCount "39"]
[EventDate "2024.01.07"]
[EventType "team-tourn"]
[EventCountry "ISR"]
[SourceTitle "playchess.com"]
[Source "ChessBase"]
[SourceQuality "1"]
[TimeControl "40/5400+30:1800+30"]

1. e4 e5 2. Nf3 Nc6 3. Bb5 a6 4. Ba4 Nf6 5. O-O Be7 6. Re1 b5 7. Bb3 O-O 8. a4 Bb7 9. d3 d5 10. exd5 Nxd5 11. Nc3 Nxc3 12. bxc3 Bf6 13. Nd2 Qd7 14. Ne4 Be7 15. Qh5 b4 16. Re3 Bc8 17. Rg3 Qf5 18. Qh6 g6 19. Rh3 g5 20. Qxc6 1-0

[Event "Israel National League 2024"]
[Site "Israel"]
[Date "2024.01.19"]
[Round "3.27"]
[White "Gorodetzky, Matan"]
[Black "Yaniv, Yuval"]
[Result "1/2-1/2"]
[ECO "C01"]
[WhiteElo "2325"]
[BlackElo "2383"]
[Annotator "RC"]
[PlyCount "110"]
[EventDate "2024.01.07"]
[EventType "team-tourn"]
[EventCountry "ISR"]
[SourceTitle "playchess.com"]
[Source "ChessBase"]
[SourceQuality "1"]
[TimeControl "40/5400+30:1800+30"]

1. e4 e6 2. d4 d5 3. Nc3 Bb4 4. exd5 exd5 5. Bd3 Nf6 6. Nge2 O-O 7. Bg5 c6 8. Qd2 b5 9. f3 a5 10. g4 Be7 11. h4 Re8 12. O-O-O a4 13. Nb1 b4 14. Ng3 Na6 15. Rde1 Be6 16. Bf5 b3 17. a3 bxc2 18. Bxc2 c5 19. Qd3 c4 20. Qd2 Rb8 21. Bxa4 Rf8 22. Bf4 Rb6 23. Nc3 Ne8 24. Bc2 Nac7 25. Bb1 Nb5 26. Qc2 g6 27. Nxb5 Rxb5 28. Ne2 Bd6 29. Bh6 Qb8 30. Ba2 Ng7 31. Qd2 Rb7 32. h5 f5 33. hxg6 fxg4 34. gxh7+ Kh8 35. f4 Nf5 36. Bg5 Qa7 37. Qc3 Bb4 38. axb4 Qxa2 39. Qa3 Qxa3 40. bxa3 Rxh7 41. Rhg1 Rh3 42. Rxg4 Rxa3 43. Rh1+ Kg8 44. Be7+ Ng7 45. Rxg7+ Kxg7 46. Bxf8+ Kxf8 47. Rh5 Bg4 48. Re5 Rb3 49. Kc2 Bxe2 50. Rxe2 Rxb4 51. Re6 Kf7 52. f5 Rb3 53. Rd6 Rb5 54. Rc6 Rb8 55. Rd6 Rb5 1/2-1/2

[Event "Israel National League 2024"]
[Site "Israel"]
[Date "2024.01.19"]
[Round "3.28"]
[White "Efroimski, Marsel"]
[Black "Gladyszev, Oleg"]
[Result "1-0"]
[ECO "B31"]
[WhiteElo "2434"]
[BlackElo "2410"]
[Annotator "RC"]
[PlyCount "93"]
[EventDate "2024.01.07"]
[EventType "team-tourn"]
[EventCountry "ISR"]
[SourceTitle "playchess.com"]
[Source "ChessBase"]
[SourceQuality "1"]
[TimeControl "40/5400+30:1800+30"]

1. e4 c5 2. Nf3 Nc6 3. Bb5 g6 4. Bxc6 dxc6 5. d3 Bg7 6. Nc3 Nf6 7. h3 O-O 8. O-O Re8 9. Be3 b6 10. a4 a5 11. Qd2 e5 12. Bh6 Nh5 13. Ne2 Bxh6 14. Qxh6 Qf6 15. Ng5 Qg7 16. Qxg7+ Kxg7 17. Nf3 f6 18. Nd2 g5 19. Kh2 Nf4 20. Nxf4 exf4 21. g3 fxg3+ 22. fxg3 Be6 23. Rf2 Rf8 24. b3 b5 25. g4 h5 26. Kg3 hxg4 27. hxg4 Rh8 28. Nf3 Kg6 29. Raf1 Raf8 30. Ra1 Ra8 31. Raf1 Raf8 32. axb5 cxb5 33. d4 cxd4 34. Nxd4 Bd7 35. e5 Bxg4 36. Rxf6+ Rxf6 37. Rxf6+ Kh5 38. Rf2 Kg6 39. Rf6+ Kh5 40. Rf2 Kg6 41. Nxb5 Bd7 42. Rf6+ Kh5 43. Nd6 a4 44. e6 Bc6 45. Nf7 Rh7 46. Ne5 Bd5 47. Rf2 1-0

[Event "Israel National League 2024"]
[Site "Israel"]
[Date "2024.01.19"]
[Round "3.29"]
[White "Stolyarsky, Yegor"]
[Black "Zemach, Nadav"]
[Result "0-1"]
[ECO "D11"]
[WhiteElo "2111"]
[BlackElo "2384"]
[Annotator "RC"]
[PlyCount "66"]
[EventDate "2024.01.07"]
[EventType "team-tourn"]
[EventCountry "ISR"]
[SourceTitle "playchess.com"]
[Source "ChessBase"]
[SourceQuality "1"]
[TimeControl "40/5400+30:1800+30"]

1. d4 d5 2. c4 c6 3. Nf3 Nf6 4. g3 Bg4 5. Bg2 e6 6. O-O Nbd7 7. cxd5 exd5 8. Bf4 Be7 9. Nc3 h6 10. Qd2 O-O 11. Rfc1 Bf5 12. Qd1 Rc8 13. Ne1 Re8 14. f3 Bf8 15. Qd2 c5 16. g4 Bh7 17. Kh1 Qb6 18. Na4 Qa6 19. Nc3 cxd4 20. Qxd4 Rc4 21. Qd2 d4 22. Ne4 Nxe4 23. fxe4 Bxe4 24. Nf3 Nf6 25. h3 Nd5 26. Bg3 Bb4 27. Qd1 Ne3 28. Qg1 Rxc1 29. Rxc1 Qxe2 30. Qf2 d3 31. Qxe2 dxe2 32. Be1 Rd8 33. Kh2 Nxg2 0-1

[Event "Israel National League 2024"]
[Site "Israel"]
[Date "2024.01.19"]
[Round "3.30"]
[White "Lahav, Michal"]
[Black "Katkov, Michelle"]
[Result "1-0"]
[ECO "C95"]
[WhiteElo "2205"]
[BlackElo "2106"]
[Annotator "NA RC"]
[PlyCount "107"]
[EventDate "2024.01.07"]
[EventType "team-tourn"]
[EventCountry "ISR"]
[SourceTitle "playchess.com"]
[Source "ChessBase"]
[SourceQuality "1"]
[TimeControl "40/5400+30:1800+30"]

1. e4 e5 2. Nf3 Nc6 3. Bb5 a6 4. Ba4 Nf6 5. O-O Be7 6. Re1 b5 7. Bb3 d6 8. c3 O-O 9. h3 Nb8 10. d4 Nbd7 11. Nbd2 Bb7 12. Bc2 Re8 13. a3 Bf8 14. Bd3 c5 15. d5 c4 16. Bc2 Nc5 17. Nf1 Nfd7 18. g4 a5 19. Ng3 g6 20. Kh2 Qb6 21. Be3 Ba6 22. Rg1 b4 23. Ba4 Bb5 24. axb4 axb4 25. cxb4 Bxa4 26. Rxa4 Rxa4 27. bxc5 Qa6 28. c6 Nb8 29. Qc1 Qb5 30. Bh6 Ra2 31. Bxf8 Rxf8 32. Qh6 Qxb2 33. Rg2 Qxf2 34. Nh4 Qf4 35. Qxf8+ Kxf8 36. Rxa2 Na6 37. Rxa6 Qf2+ 38. Ng2 Qc5 39. Ra2 Ke7 40. Rc2 Kd8 41. Re2 Qd4 42. Ne3 Qd3 43. Kg2 Kc7 44. g5 Kd8 45. Kf3 Qb3 46. Rc2 c3 47. Ne2 Qb1 48. Rc1 Qb2 49. Rxc3 Kc7 50. Rc1 Qa2 51. Rh1 Qb2 52. h4 Qb8 53. Ra1 Kc8 54. Kf2 1-0

[Event "Israel National League 2024"]
[Site "Israel"]
[Date "2024.01.19"]
[Round "3.31"]
[White "Boruchovsky, Avital"]
[Black "Rechlis, Gad"]
[Result "1-0"]
[ECO "E71"]
[WhiteElo "2528"]
[BlackElo "2473"]
[Annotator "TA"]
[PlyCount "71"]
[EventDate "2024.01.07"]
[EventType "team-tourn"]
[EventCountry "ISR"]
[SourceTitle "playchess.com"]
[Source "ChessBase"]
[SourceQuality "1"]
[TimeControl "40/5400+30:1800+30"]

1. d4 Nf6 2. c4 g6 3. Nc3 Bg7 4. e4 d6 5. h3 O-O 6. Be3 c5 7. d5 {[%emt 0:02:09] E71: King's Indian: 4 e4 d6 5 h3.} e6 8. Nf3 exd5 9. exd5 {[%emt 0:00:19] White is slightly better. 9.cxd5 deserves study.} Bf5 10. Bd3 Bxd3 11. Qxd3 {[%emt 0:00:58] [#]} Qb6 $146 ({Predecessor:} 11... Re8 12. O-O Na6 13. Rfe1 Qd7 14. a3 Nc7 15. Bf4 a6 16. Nd2 b5 17. Nde4 Nxe4 18. Nxe4 bxc4 19. Qxc4 {½-½ Erigaisi,A (2627)-Sadhwani,R (2609) Tata Steel India Blitz 2021 (13)}) 12. Rb1 Na6 13. O-O Rfe8 14. a3 Qd8 15. Rbe1 {[%emt 0:14:55] White is more active.} Qd7 16. Nd2 Nc7 17. Re2 Re7 18. Rfe1 Rae8 19. b3 Nh5 20. Nb5 Nxb5 21. cxb5 Nf6 22. Kf1 $1 Re5 23. Bf4 Rf5 (23... Rxd5 $2 24. Rxe8+ Nxe8 25. Qxd5 $18) 24. Ne4 Nxe4 ({Resist} 24... Rxf4 25. Nxf6+ Bxf6 26. Rxe8+ Kg7 27. R8e4 Rxe4 28. Rxe4 $16) (24... Nxd5 $2 25. Nxc5 (25. Nxd6 $2 {loses.} Rxe2 26. Qxe2 Rxf4 $19) 25... Rxe2 26. Nxd7 $18) 25. Rxe4 Rxe4 26. Rxe4 {[%emt 0:00:07] aiming for g4.} Bd4 (26... g5 $1 $11 27. Bxd6 Bd4 28. Re8+ Kg7 29. Bf8+ Kf6 30. Be7+ Kg7 31. Bf8+ Kf6) 27. g4 $1 $36 {[%emt 0:12:24][%mdl 2048] Black is under pressure.} Rxd5 28. Qc4 Re5 29. Bxe5 dxe5 {[%emt 0:00:01][%mdl 4096] Endgame KQR-KQB} 30. b4 (30. Kg2 $14) 30... cxb4 $11 31. axb4 Qd8 {[%emt 0:01:20] [#]} (31... h5 $11) 32. Kg2 $1 $16 g5 33. Re2 Kg7 34. Rc2 h6 35. Qd3 Qe7 (35... Qd7 $16 36. Qf5 Qd5+ 37. Kh2 Qd6) 36. Qf5 {[%emt 0:02:02] Weighted Error Value: White=0.07 (flawless) /Black=0.15 (very precise)} 1-0

[Event "Israel National League 2024"]
[Site "Israel"]
[Date "2024.01.19"]
[Round "3.32"]
[White "Zoler, Dan"]
[Black "Gorshtein, Ido"]
[Result "1/2-1/2"]
[ECO "D43"]
[WhiteElo "2460"]
[BlackElo "2523"]
[Annotator "TA"]
[PlyCount "70"]
[EventDate "2024.01.07"]
[EventType "team-tourn"]
[EventCountry "ISR"]
[SourceTitle "playchess.com"]
[Source "ChessBase"]
[SourceQuality "1"]
[TimeControl "40/5400+30:1800+30"]

1. d4 Nf6 2. c4 e6 3. Nf3 d5 4. Bg5 h6 5. Bxf6 Qxf6 6. Nc3 c6 7. e3 g6 8. Rc1 Nd7 9. Bd3 dxc4 10. Bxc4 Bg7 11. O-O O-O 12. e4 e5 13. d5 Nb6 {[%emt 0:00:10] 13...Rd8 is not played anymore. D43: Semi-Slav: 5 Bg5 h6.} 14. Bb3 (14. dxc6 $5 bxc6 15. Be2 $11) 14... Bg4 15. h3 Bxf3 16. Qxf3 Qxf3 17. gxf3 Rfd8 {[%emt 0:03:31] was the old line (17...Rfc8).} 18. dxc6 bxc6 19. Nd1 Rac8 20. Ne3 {[%emt 0:06:43] [#]} h5 $146 ({Predecessor:} 20... c5 21. Rc2 {½-½ Moise,O (2442)-Michalek,M (2462) EU-chT9 sf02 email 2011 [2]}) 21. Rc5 Kf8 (21... Bf8 $5 22. Rxe5 Rd2 $11) 22. Rfc1 Rd6 23. Nc4 Nxc4 24. R1xc4 Ke7 25. Ra4 Rc7 26. Ra6 f6 27. Rca5 Bh6 28. Rxa7 Rxa7 29. Rxa7+ $14 {[%emt 0:00:03][%mdl 4096] Endgame KRB-KRB} Kd8 30. Bf7 Rd1+ {[%emt 0:01:42] The position is equal.} 31. Kg2 Rd2 32. b3 Be3 33. Ra8+ Kc7 34. Bxg6 h4 35. Kf1 Rxf2+ {[%emt 0:01:24] Weighted Error Value: White=0.13 (very precise) /Black=0.08 (flawless)} 1/2-1/2

[Event "Israel National League 2024"]
[Site "Israel"]
[Date "2024.01.19"]
[Round "3.33"]
[White "Rozen, Eytan"]
[Black "Manor, Ilan"]
[Result "1-0"]
[ECO "B22"]
[WhiteElo "2462"]
[BlackElo "2469"]
[Annotator "RC"]
[PlyCount "71"]
[EventDate "2024.01.07"]
[EventType "team-tourn"]
[EventCountry "ISR"]
[SourceTitle "playchess.com"]
[Source "ChessBase"]
[SourceQuality "1"]
[TimeControl "40/5400+30:1800+30"]

1. e4 c5 2. Nf3 e6 3. c3 Nf6 4. e5 Nd5 5. a3 d6 6. d4 cxd4 7. c4 Nb6 8. Bg5 Qc7 9. exd6 Bxd6 10. Qxd4 O-O 11. Nc3 Nc6 12. Qe3 Be7 13. Bf4 e5 14. Nxe5 Nxe5 15. Bxe5 Qc6 16. Qe4 Qxe4+ 17. Nxe4 Re8 18. O-O-O Bf8 19. f4 Bg4 20. Rd4 f6 21. Bc7 Na4 22. Bd3 Rac8 23. Bd6 Red8 24. f5 Bxf5 25. Nxf6+ gxf6 26. Bxf5 Rc6 27. Rg4+ Kf7 28. Bxf8 Kxf8 29. Bxh7 Rdc8 30. b3 Nc5 31. Rg8+ Kf7 32. Rxc8 Rxc8 33. Bc2 Re8 34. b4 Ne6 35. Re1 Rh8 36. Be4 1-0

[Event "Israel National League 2024"]
[Site "Israel"]
[Date "2024.01.19"]
[Round "3.34"]
[White "Zifroni, Dov"]
[Black "Rozentalis, Eduardas"]
[Result "1/2-1/2"]
[ECO "E06"]
[WhiteElo "2462"]
[BlackElo "2455"]
[Annotator "RC"]
[PlyCount "42"]
[EventDate "2024.01.07"]
[EventType "team-tourn"]
[EventCountry "ISR"]
[SourceTitle "playchess.com"]
[Source "ChessBase"]
[SourceQuality "1"]
[TimeControl "40/5400+30:1800+30"]

1. Nf3 Nf6 2. c4 e6 3. g3 d5 4. Bg2 Be7 5. O-O O-O 6. d4 a5 7. Nc3 c6 8. Re1 b6 9. Ne5 Nfd7 10. Nxd7 Nxd7 11. cxd5 cxd5 12. e4 Nf6 13. e5 Ne8 14. Bf4 Ba6 15. Rc1 Nc7 16. h4 Qd7 17. Bg5 Rfc8 18. Bxe7 Qxe7 19. Qd2 Bc4 20. b3 Bb5 21. Rc2 Bd7 1/2-1/2

[Event "Israel National League 2024"]
[Site "Israel"]
[Date "2024.01.19"]
[Round "3.35"]
[White "Raznikov, Danny"]
[Black "Soffer, Ram"]
[Result "1/2-1/2"]
[ECO "E04"]
[WhiteElo "2476"]
[BlackElo "2431"]
[Annotator "RC"]
[PlyCount "85"]
[EventDate "2024.01.07"]
[EventType "team-tourn"]
[EventCountry "ISR"]
[SourceTitle "playchess.com"]
[Source "ChessBase"]
[SourceQuality "1"]
[TimeControl "40/5400+30:1800+30"]

1. d4 Nf6 2. c4 e6 3. Nf3 d5 4. Nc3 c6 5. g3 dxc4 6. Bg2 b5 7. O-O Qb6 8. e4 Bb4 9. e5 Nd5 10. Ng5 h6 11. Nge4 Nd7 12. Qg4 g6 13. Bd2 Be7 14. a4 h5 15. Qe2 b4 16. Nd6+ Bxd6 17. Nxd5 cxd5 18. a5 Qc6 19. exd6 Qxd6 20. Qe1 Rb8 21. Bf4 e5 22. dxe5 Qe6 23. Bxd5 Qxd5 24. Rd1 Qc6 25. Rd6 Qf3 26. e6 O-O 27. exf7+ Kh7 28. Qb1 Qg4 29. Rfd1 Rxf7 30. f3 Qf5 31. Qxf5 gxf5 32. Rxd7 Rxd7 33. Rxd7+ Bxd7 34. Bxb8 c3 35. Be5 c2 36. Bf4 b3 37. Kf2 Kg6 38. Ke2 Bc6 39. a6 Bb5+ 40. Kd2 Bxa6 41. Kc3 Be2 42. Kxb3 Bd1 43. Kc3 1/2-1/2

[Event "Israel National League 2024"]
[Site "Israel"]
[Date "2024.01.19"]
[Round "3.36"]
[White "Krayz, Alexander"]
[Black "Mindlin, Alon"]
[Result "0-1"]
[ECO "B22"]
[WhiteElo "2327"]
[BlackElo "2438"]
[Annotator "RC"]
[PlyCount "52"]
[EventDate "2024.01.07"]
[EventType "team-tourn"]
[EventCountry "ISR"]
[SourceTitle "playchess.com"]
[Source "ChessBase"]
[SourceQuality "1"]
[TimeControl "40/5400+30:1800+30"]

1. e4 c5 2. Nf3 e6 3. c3 d5 4. exd5 exd5 5. d4 Nc6 6. Be3 c4 7. b3 cxb3 8. axb3 Bd6 9. Bd3 Nf6 10. h3 O-O 11. Nbd2 Re8 12. O-O h6 13. Qb1 Bd7 14. b4 a6 15. Rc1 Qc8 16. b5 axb5 17. Rxa8 Qxa8 18. Bxb5 Qa3 19. Bd3 b5 20. Nb3 b4 21. Qc2 bxc3 22. Qxc3 Rb8 23. Nc5 Bxc5 24. dxc5 Rb3 25. Qe1 Rxd3 26. Ra1 Qc3 0-1

[Event "Israel National League 2024"]
[Site "Israel"]
[Date "2024.02.09"]
[Round "5.1"]
[White "Emanuel, Yahav"]
[Black "Sivuk, Vitaly"]
[Result "0-1"]
[ECO "E67"]
[WhiteElo "2333"]
[BlackElo "2502"]
[Annotator "TA"]
[PlyCount "106"]
[EventDate "2024.01.07"]
[EventType "team-tourn"]
[EventCountry "ISR"]
[SourceTitle "playchess.com"]
[Source "ChessBase"]
[SourceQuality "1"]
[TimeControl "40/5400+30:1800+30"]

1. d4 Nf6 2. Nf3 g6 3. c4 Bg7 4. g3 O-O 5. Bg2 d6 6. O-O Nbd7 7. Nc3 e5 8. e4 Re8 9. h3 b6 10. d5 Nc5 11. Ne1 a5 {[%emt 1:30:52] The position is equal.} 12. b3 Nfd7 13. Qc2 Rf8 14. Bb2 f5 15. exf5 gxf5 16. f4 e4 17. Nd1 (17. a3 $5) 17... Bxb2 18. Qxb2 Qf6 (18... Kf7 {looks sharper.} 19. Ne3 Nf6 20. Kh2 Rg8) 19. Rb1 Qg6 20. Kh2 Nf6 21. Ne3 Kf7 {[%emt 0:00:00] aiming for ...Rg8.} 22. Qf2 (22. Rg1 $5) 22... Rg8 {[%emt 0:00:00] White must now prevent ...Nh5.} 23. Rg1 $1 h5 (23... Ng4+ $5 24. Nxg4 (24. hxg4 Qh6+ 25. Bh3 fxg4 $15) 24... fxg4 $17) 24. Bf1 {[%emt 0:00:39] [#]} h4 $1 25. Be2 (25. gxh4 Qxg1+) 25... hxg3+ 26. Rxg3 Qxg3+ 27. Qxg3 Rxg3 28. Kxg3 Bd7 29. Rd1 Rg8+ 30. Kf2 Rh8 31. Kg3 Nh5+ 32. Bxh5+ Rxh5 33. Rd2 Kf6 34. Rg2 b5 35. cxb5 $1 Bxb5 36. N1c2 $1 Nd3 37. Nd4 Bd7 38. Rc2 Rh7 39. Rxc7 {[%emt 0:01:25][%cal Od4e6] Ne6! is the strong threat.} Rg7+ 40. Kh2 Nxf4 {[%emt 0:00:00] ...Rh7 would now be deadly.} 41. Ndxf5 $1 {[%emt 0:13:24] [#] Excellent horsemanship.} Nxd5 $1 42. Ra7 $132 {[%emt 0:13:01][%mdl 2048] White is not holding back} (42. Nxd5+ Kxf5) 42... Rh7 {[%emt 0:00:00] Hoping for ...Nxe3.} 43. Nxd5+ Kxf5 $11 {[%emt 0:00:00][%mdl 4096] Endgame. KRB-KRN} 44. Kg3 (44. Kg1 $1 $11 Rf7 45. Rxa5) 44... Ke5 $1 $17 45. Nb6 {[%emt 0:01:08] This costs White the game.} (45. Rxa5 $17 Be6 (45... Bxh3 $2 {loses.} 46. Nf4+ Kd4 47. Nxh3 $18) (45... Rxh3+ 46. Kg2 $11) 46. Nf4+ d5 47. Ng6+ Kf5 48. Nh4+ Kg5 49. Ra6) 45... Rxh3+ $19 46. Kg2 Be6 47. Nc4+ Kf4 48. Nxd6 (48. Ra8 $142 Rg3+ 49. Kf1) 48... Rg3+ 49. Kf1 e3 {[%emt 0:00:00] ( -> ...Kf3)} 50. Nc4 Bh3+ 51. Ke2 Bg4+ 52. Kf1 e2+ 53. Kf2 {[%emt 0:00:01] [#]} Rg2+ $3 {[%emt 0:00:00][%mdl 512] Weighted Error Value: White=0.46/Black=0.06 (flawless) .  Loses game:     	White=1     	---        Mistake:       	White=2     	---        Inaccurate:     	White=4     	Black=3      OK:         	White=8     	Black=18     Best:        	White=7     	Black=5      Strong:       	White=4     	---        Brilliant:      	---       	Black=1} 0-1

[Event "Israel National League 2024"]
[Site "Israel"]
[Date "2024.02.09"]
[Round "5.2"]
[White "Tzidkiya, Yeshaayahu"]
[Black "Tifferet, Shakked"]
[Result "1-0"]
[ECO "B43"]
[WhiteElo "2448"]
[BlackElo "2334"]
[Annotator "TA"]
[PlyCount "61"]
[EventDate "2024.01.07"]
[EventType "team-tourn"]
[EventCountry "ISR"]
[SourceTitle "playchess.com"]
[Source "ChessBase"]
[SourceQuality "1"]
[TimeControl "40/5400+30:1800+30"]

1. e4 c5 2. Nf3 e6 3. d4 cxd4 4. Nxd4 a6 5. Nc3 b5 6. g3 Nf6 7. Bg2 Bb7 8. O-O b4 9. Na4 Bxe4 10. Bxe4 Nxe4 11. c3 bxc3 {[%emt 0:01:53] Black is slightly better.} 12. Re1 Nf6 13. Qf3 d5 $1 14. bxc3 Qa5 {[%emt 0:21:10] [#]} (14... Nbd7 $15 15. Bg5 Rc8 16. Bxf6 Nxf6) 15. Bg5 $1 $11 Nbd7 {[%emt 0:02:44] [#]} (15... Qxa4 16. Bxf6 Ra7 (16... gxf6 $2 17. Nxe6 fxe6 18. Rxe6+ Kd8 19. Qxd5+ Kc7 20. Qxa8 $18) 17. Rab1 $18) 16. Qf5 $1 $36 {[%emt 0:15:02][%mdl 2048] White has the initiative.} Ba3 $1 {[%emt 0:26:14] [#]} (16... Qxa4 $2 17. Nxe6 Be7 (17... fxe6 $2 18. Qxe6+ Kd8 19. Qe8+ Kc7 20. Qxa8 $18) 18. Nxg7+ (18. Nc7+ Kf8 $18) 18... Kf8 19. Rxe7 Kxe7 20. Bxf6+ (20. Qxd5 Kf8 $11) (20. Re1+ Kd6 $18) 20... Kd6 (20... Nxf6 $2 21. Re1+ Kd6 22. Qxf6+ Kc5 23. Nf5 $18) 21. Bd4 $18) 17. Nxe6 $1 fxe6 18. Rxe6+ (18. Qxe6+ $2 Kf8 19. Bxf6 Nxf6 $19) 18... Kf7 (18... Be7 $11 {remains equal.} 19. Bxf6 Nxf6) 19. Nb6 $1 $16 {[%emt 0:05:25] White has more active pieces.} Qxb6 (19... Nxb6 20. Rxf6+ (20. Bxf6 g6 $18) 20... Ke7 21. Rxb6+ Ke8 22. Re1+) (19... Qxc3 $16 20. Nxd7 (20. Nxd5 $2 Qxa1+ 21. Kg2 Rae8 $19) 20... Qxa1+ 21. Kg2 Bb2) 20. Rxb6 $18 Nxb6 21. Bxf6 gxf6 {[%emt 0:00:03] [#]} 22. Re1 (22. Qh5+ Ke6 $14) 22... Rab8 23. c4 ({Stronger than} 23. Qh5+ Kg7 $11) 23... dxc4 $2 (23... Rhe8 24. Rxe8 (24. Qxh7+ Kf8 $16) 24... Rxe8 25. Qxh7+ (25. cxd5 Re1+ 26. Kg2 Re5 $18) 25... Kf8 26. Qh6+ Kf7 27. Qh5+ Ke7 28. cxd5 Bc5) 24. Re3 c3 25. Qe6+ Kg7 {[%emt 0:00:18] ...c2 is the strong threat.} 26. Rxc3 {[%emt 0:00:07] Rc7+ would kill now.} Bb2 27. Rc7+ {[%emt 0:00:13] White mates.} Kh6 28. Qh3+ Kg6 29. Qg4+ Kh6 30. Qf4+ Kg6 31. g4 {[%emt 0:00:15] Weighted Error Value: White=0.01 (flawless) /Black=0.88.  Mistake:       	---       	Black=4      Inaccurate:     	White=1     	Black=1      OK:         	White=8     	Black=2      Best:        	White=1     	---        Strong:       	White=1     	Black=2      Brilliant:      	White=1     	---} 1-0

[Event "Israel National League 2024"]
[Site "Israel"]
[Date "2024.02.09"]
[Round "5.3"]
[White "Lev, Ronen"]
[Black "Aizenberg, Benny"]
[Result "1/2-1/2"]
[ECO "A09"]
[WhiteElo "2341"]
[BlackElo "2396"]
[Annotator "TA"]
[PlyCount "91"]
[EventDate "2024.01.07"]
[EventType "team-tourn"]
[EventCountry "ISR"]
[SourceTitle "playchess.com"]
[Source "ChessBase"]
[SourceQuality "1"]
[TimeControl "40/5400+30:1800+30"]

1. Nf3 c5 2. g3 g6 3. Bg2 Bg7 4. O-O d5 5. c4 d4 6. d3 Nf6 7. b4 cxb4 8. a3 bxa3 9. Bxa3 O-O 10. Nbd2 Nc6 11. Qc2 Nd7 {[%emt 0:09:42] Black is slightly better.} 12. Rfb1 b6 13. c5 Nxc5 14. Bxc5 bxc5 15. Nb3 Bg4 16. Nxc5 Rc8 17. Qa4 Bxf3 18. exf3 Ne5 19. Rc1 Qd6 20. Qxa7 Rc7 21. Nb7 Qd7 (21... Rxc1+ $17 22. Rxc1 Qd7) 22. Rxc7 $11 Qxc7 23. Nc5 Rc8 24. Qxc7 Rxc7 25. Ra5 g5 26. h4 gxh4 27. f4 Ng6 28. Be4 hxg3 29. fxg3 Nf8 30. Kg2 Bf6 31. g4 h6 32. Kf3 Rc8 33. Bb7 Rc7 34. Bd5 Kg7 35. Bc4 Rc8 36. Ne4 {[%emt 0:00:00] Black should prevent Nxf6.} Bh4 37. Rd5 e6 38. Rxd4 Be7 39. f5 Rb8 40. fxe6 fxe6 41. Ng3 Nh7 42. Rd7 Ng5+ 43. Ke3 Kf8 {[%emt 0:00:04] [#] ...Ke8 is the strong threat.} 44. Ne4 Rd8 45. Rxd8+ Bxd8 46. Nxg5 {[%emt 0:00:00] Weighted Error Value: White=0.08 (flawless) /Black=0.09 (flawless) .  Mistake:       	---       	Black=1      Inaccurate:     	White=3     	Black=2      OK:         	White=13    	Black=13     Best:        	White=1     	---} 1/2-1/2